 Dungeon Crawl Stone Soup version 0.31-a0-426-g3a05650e59 (webtiles) character file.

Game seed: 16737135176364397224

26419 mandarbmax the Skirmisher (level 12, -46/94 HPs)
             Began as a Red Draconian Hexslinger on July 30, 2023.
             Was a High Priest of Hepliaklqana.
             Killed from afar by Jorgrun (67 damage)
             ... with an entropic shot
             ... on level 12 of the Dungeon.
             The game lasted 00:43:56 (11562 turns).

mandarbmax the Skirmisher (DrHs)                   Turns: 11562, Time: 00:43:57

Health: -46/94     AC: 16    Str: 12    XL:     12   Next: 98%
Magic:  6/13       EV: 18    Int: 14    God:    Hepliaklqana [*****.]
Gold:   1545       SH:  0    Dex: 17    Spells: 0/13 levels left

rFire   + + .        o - +1 longbow
rCold   + . .        (shield currently unavailable)
rNeg    . . .        (body armour unavailable)
rPois   +            A - +2 hat {SInv}
rElec   +            v - scarf {harm}
rCorr   +            x - +2 pair of gloves {Stlth+}
SInv    +            u - +2 pair of boots
Will    .....        (no amulet)
Stlth   +++          l - +5 ring of evasion
HPRegen 0.35/turn    n - +4 ring of slaying
MPRegen 0.13/turn

%: harm (+30% outgoing, +20% incoming)
@: resistant, grasped by roots, constricted
A: reduced essence, breathe fire, AC +8, unfitting armour, fire resistance 1,
cold-blooded
a: Breathe Fire, Renounce Religion, Recall Ancestor, Ancestor Identity,
Transference, Idealise


You were on level 12 of the Dungeon.
You worshipped Hepliaklqana.
Hepliaklqana was extremely pleased with you.
You visited 1 branch of the dungeon, and saw 12 of its levels.
You also visited: Gauntlet.

You collected 1545 gold pieces.

Inventory:

Hand Weapons
 o - a +1 longbow (weapon)
 z - the +2 arbalest of Eternity {heavy, *Slow rElec Int+4 Dex+2}
   (You acquired it on level 9 of the Dungeon)

   Int:       It affects your intelligence (+4).
   Dex:       It affects your dexterity (+2).
   rElec:     It insulates you from electricity.
   *Slow:     It may slow you when you take damage.
Armour
 m - a +2 cloak of poison resistance
 u - a +2 pair of boots (worn)
 v - a scarf of harm (worn)
 x - a +2 pair of gloves of stealth (worn)
 A - a +2 hat of see invisible (worn)
Jewellery
 c - a ring of protection from fire
 d - a +4 ring of protection
 k - a ring of willpower
 l - a +5 ring of evasion (left hand)
 n - a +4 ring of slaying (right hand)
 q - a ring of poison resistance
 w - a ring of ice
 B - an amulet of the acrobat
 F - a ring of flight
Wands
 g - a wand of mindburst (20)
 i - a wand of flame (26)
 p - a wand of paralysis (16)
 y - a wand of polymorph (10)
 D - a wand of light (6)
Scrolls
 b - a scroll of teleportation
 f - a scroll of fog {unknown}
 s - 3 scrolls of blinking
 C - a scroll of amnesia {unknown}
 E - a scroll of enchant weapon
Potions
 a - a potion of invisibility
 e - a potion of curing
 h - a potion of ambrosia
 j - 2 potions of magic
 t - 2 potions of resistance
Miscellaneous
 G - a phantom mirror (inert)


   Skills:
 + Level 9.6 Fighting
 * Level 12.5 Ranged Weapons
 + Level 8.2 Dodging
 - Level 1.0 Spellcasting
 + Level 8.2 Hexes
 + Level 5.3 Translocations
 + Level 9.6 Fire Magic


You couldn't memorise any spells.
You knew the following spells:

 Your Spells              Type           Power      Damage    Failure   Level
a - Slow                  Hex            92%        N/A       1%          1
b - Blink                 Tloc           30%        N/A       4%          2
c - Inner Flame           Hex/Fire       25%        N/A       1%          3
d - Cause Fear            Hex            11%        N/A       9%          4
e - Portal Projectile     Hex/Tloc       38%        N/A       4%          3

Your spell library contained the following spells:

 Spells                   Type           Power      Damage    Failure   Level
 Apportation              Tloc           30%        N/A       3%          1
 Ensorcelled Hibernation  Hex/Ice        24%        N/A       8%          2
 Dazzling Flash           Conj/Hex       24%        N/A       14%         3
 Summon Guardian Golem    Hex/Summ       12%        N/A       14%         3
 Ignite Poison            Fire/Tmut/Pois 9%         N/A       22%         3
 Kiss of Death            Conj/Necr      0%         2d5       26%         1
 Magic Dart               Conj           0%         1d3       26%         1
 Sandblast                Erth           0%         2d4       26%         1
 Vhi's Electric Charge    Tloc/Air       16%        N/A       26%         3
 Manifold Assault         Tloc           15%        N/A       30%         4
 Call Imp                 Summ           0%         N/A       36%         2
 Cigotuvi's Dreadful Rot  Necr/Pois/Air  0%         N/A       36%         2
 Passwall                 Tmut/Erth      0%         N/A       36%         2
 Sublimation of Blood     Necr           0%         N/A       36%         2
 Wereblood                Tmut           0%         N/A       36%         2
 Frozen Ramparts          Ice            0%         1d1       61%         3
 Mephitic Cloud           Conj/Pois/Air  0%         N/A       61%         3
 Stone Arrow              Conj/Erth      0%         3d7       61%         3
 Swiftness                Air            0%         N/A       61%         3
 Metabolic Englaciation   Hex/Ice        6%         N/A       80%         5
 Silence                  Hex/Air        6%         N/A       80%         5
 Olgreb's Toxic Radiance  Pois           0%         N/A       95%         4
 Petrify                  Tmut/Erth      0%         N/A       95%         4
 Plasma Beam              Fire/Air       7%         2x1d17    99%         6
 Agony                    Necr           0%         N/A       100%        5
 Alistair's Intoxication  Tmut/Pois      0%         N/A       100%        5
 Arcjolt                  Conj/Air       0%         1d10      100%        5
 Freezing Cloud           Conj/Ice/Air   0%         6-21      100%        5
 Orb of Destruction       Conj           0%         9d5       100%        7
 Spellforged Servitor     Conj/Summ      0%         N/A       100%        7
 Summon Hydra             Summ           0%         N/A       100%        7
 Discord                  Hex            11%        N/A       100%        8
 Ignition                 Fire           13%        3d6       100%        8


Dungeon Overview and Level Annotations

Branches:
Dungeon (12/15)            Temple (0/1) D:5            Lair (0/5) D:9
    Orc (0/2) D:12        Gauntlet (visited)

Altars:
Dithmenos
Elyvilon
Fedhas
Hepliaklqana
Makhleb
Okawaru
Sif Muna
Trog
Xom
Yredelemnul

Shops:
D:8 *   D:9 [   D:10 [

Annotations:
D:5 5 runed translucent doors, Bediveer's ghost, novice SpHu; Crazy Yiuf; LeprechaunX's ghost, novice OpSh
D:12 3 runed translucent doors, HallandMoats's ghost, journeyman DsFi; Jorgrun


Innate Abilities, Weirdness & Mutations

Your life essence is reduced to manifest your ancestor. (-10% HP)
You can breathe blasts of fire.
Your fiery red scales are hard. (AC +8)
You cannot fit into any form of body armour.
Your flesh is heat resistant. (rF+)
You are cold-blooded and may be slowed by cold attacks.


Message History

Ku-aya is destroyed!
The grasping roots constrict you!
* * * LOW HITPOINT WARNING * * *
Unknown command.
You feel much better. The grasping roots constrict you!
Aiming: Phantom Mirror
Press: ? - help, Dir - move target, f/p - Jorgrun
Aim: Jorgrun, wielding a staff of earth and wearing a +1 robe of resistance (almost dead, covering ground slowly)
You reflect Jorgrun with the mirror!
The mirror clouds!
Fire: o) +1 longbow
Press: ? - help, Q - select action, (/) - cycle Shift-Dir - straight line, f/p - Jorgrun
Aim: Jorgrun, wielding a staff of earth and wearing a +1 robe of resistance (almost dead, covering ground slowly, ally target, 60% to hit)
Really fire in your ally Jorgrun's direction?
Okay, then.
Fire: o) +1 longbow
Press: ? - help, Q - select action, (/) - cycle Shift-Dir - straight line, f/p - Jorgrun
Aim: Jorgrun, wielding a staff of earth and wearing a +1 robe of resistance (almost dead, covering ground slowly, ally target, 60% to hit)
Really fire in your ally Jorgrun's direction?
Okay, then.
Unknown command.
Okay, then.
It was a potion of resistance.
You feel protected.
Jorgrun hits Jorgrun with a staff of earth!
Jorgrun shatters Jorgrun!!
Jorgrun dies!
Jorgrun's corpse shimmers and vanishes!
The grasping roots constrict you!
* * * LOW HITPOINT WARNING * * *
Unknown command.
Unknown command.
Okay, then.
Fire: o) +1 longbow
Press: ? - help, Q - select action, (/) - cycle Shift-Dir - straight line, f/p - Jorgrun
Aim: Jorgrun, wielding a staff of earth and wearing a +1 robe of resistance (almost dead, covering ground slowly, 60% to hit)
You shoot an arrow. The arrow barely misses Jorgrun.
Jorgrun gestures at you while chanting. The entropic shot hits you!!!
Ouch! That really hurt!
You die...

..##...# *,,*
..##...# #..#
..##...# #.$# .#
#...# #..# .#
#...# #..#
####...# #..#
###....## #..#
...[....#######..#
##+++##......~g.@#
#WKKKK############


KK#K#KK# ⌠.#K#.⌠# P.#K#.~# #.....## ##??(** ***** You could see Jorgrun
(struggling).

Vanquished Creatures
  A minotaur (Gauntlet)
  The ghost of Omnos the Martial Artist, a journeyman DsSh of Wu Jian (D:11)
  A hydra (D:12)
  2 boulder beetles
  A dancing weapon (D:11)
  3 two-headed ogres
  The ghost of backslashecho the Mimic, a novice DrSh of Uskayaw (D:8)
  Urug (D:10)
  Amaemon (D:10)
  A death drake (Gauntlet)
  A spectral wolf spider (Gauntlet)
  A necromancer (D:10)
  A manticore (D:11)
  A cyclops (D:11)
  A moth of wrath (D:8)
  Maurice (D:9)
  An orange demon (D:10)
  A gargoyle (D:12)
  An unseen horror (D:11)
  A komodo dragon (D:7)
  2 kobold demonologists (D:7)
  4 trolls
  A meliai zombie (Gauntlet)
  4 slime creatures (D:12)
  A centaur simulacrum (Gauntlet)
  5 shadows
  A vampire (D:10)
  11 yaks
  4 vampire mosquitoes
  An acid dragon (D:11)
  2 ice beasts
  2 water moccasins (D:6)
  2 black bears
  6 orc warriors
  2 sky beasts
  2 ogres
  4 centaurs
  A kobold brigand (D:8)
  Blork the orc (D:4)
  3 bullfrogs
  3 gnoll sergeants (D:8)
  5 scorpions
  A cane toad simulacrum (Gauntlet)
  7 wights
  10 killer bees
  4 howler monkeys
  A crimson imp (D:5)
  A centaur zombie (D:5)
  A hound (D:5)
  2 jellies (D:5)
  8 orc priests
  A gnoll bouda (D:6)
  4 iguanas
  Jessica (D:3)
  2 sleepcaps
  13 orc wizards
  A yak simulacrum (D:10)
  3 polar bear simulacra (D:10)
  A killer bee zombie (D:5)
  A wolf simulacrum (D:10)
  A boggart simulacrum (Gauntlet)
  8 adders
  15 gnolls
  2 white imps
  2 ufetubi
  A worm (D:2)
  3 dart slugs
  45 orcs
  6 bats
  4 endoplasms
  5 giant cockroaches
  5 goblins
  3 hobgoblins
  2 jackals (D:1)
  18 kobolds
  8 quokkas
  7 ball pythons
  2 frilled lizards
  5 rats
  3 river rat simulacra (D:10)
297 creatures vanquished.

Vanquished Creatures (collateral kills)
  Gastronok (D:8)
  A two-headed ogre (D:10)
  A spectral centaur (Gauntlet)
  2 unseen horrors (D:7)
  A troll (D:12)
  Sigmund (D:5)
  6 yaks (D:9)
  2 acid dragons (D:10)
  2 orc warriors
  2 kobold brigands
  A gnoll sergeant (D:8)
  2 bullfrogs
  A scorpion (D:6)
  3 killer bees
  An electric eel (D:8)
  A gnoll bouda (D:7)
  An iguana (D:5)
  An orc wizard (D:7)
  A polar bear simulacrum (D:10)
  An adder (D:5)
  A gnoll (D:7)
  9 orcs
  6 kobolds
  2 river rat simulacra (D:10)
50 creatures vanquished.

Vanquished Creatures (others)
  9 knights
  2 ancestors (D:5)
11 creatures vanquished.

Grand Total: 358 creatures vanquished

Notes
Turn   | Place    | Note
-------+----------+-------------------------------------------
     0 | D:1      | mandarbmax the Draconian Hexslinger began the quest for the
                  | Orb.
     0 | D:1      | Reached XP level 1. HP: 16/16 MP: 2/2
   151 | D:1      | Reached skill level 2 in Ranged Weapons
   212 | D:1      | Reached XP level 2. HP: 18/23 MP: 3/3
   764 | D:2      | Reached skill level 3 in Ranged Weapons
   767 | D:2      | Reached XP level 3. HP: 28/28 MP: 4/4
   978 | D:2      | Reached XP level 4. HP: 35/35 MP: 5/5
  1061 | D:2      | Reached skill level 4 in Ranged Weapons
  1512 | D:3      | Reached XP level 5. HP: 25/40 MP: 6/6
  1535 | D:3      | Reached skill level 5 in Ranged Weapons
  1685 | D:3      | Learned a level 2 spell: Blink
  1707 | D:3      | Identified the +1 spear of Freehold {drain, +Blink rN+
                  | Will+}
  1775 | D:3      | Noticed Jessica
  1777 | D:3      | Killed Jessica
  1778 | D:3      | Reached XP level 6. HP: 46/47 MP: 7/7
  1780 | D:3      | Found a bloodstained altar of Trog.
  1791 | D:3      | Found a shimmering blue altar of Sif Muna.
  1795 | D:3      | Got Sif Muna's Tractate on Battle Magic
  1992 | D:3      | Found a hazy altar of Hepliaklqana.
  1997 | D:3      | Became a worshipper of Hepliaklqana the Forgotten
  2186 | D:4      | Noticed Blork the orc
  2394 | D:4      | Killed Blork the orc
  2739 | D:5      | Entered Level 5 of the Dungeon
  2786 | D:5      | Learned a level 3 spell: Inner Flame
  2798 | D:5      | Reached skill level 6 in Ranged Weapons
  2902 | D:5      | Reached * piety under Hepliaklqana
  3000 | D:5      | Your scales start taking on a fiery red colour.
  3000 | D:5      | Reached XP level 7. HP: 43/50 MP: 8/8
  3000 | D:5      | Gained mutation: Your flesh is heat resistant. (rF+) [Red
                  | Draconian growth]
  3171 | D:5      | Noticed Bediveer's ghost (novice SpHu)
  3175 | D:5      | Found a runed translucent door.
  3281 | D:5      | Reached skill level 1 in Fire Magic
  3518 | D:5      | Reached XP level 8. HP: 56/56 MP: 9/9
  3671 | D:5      | Noticed Sigmund
  3682 | D:5      | Killed Sigmund
  3683 | D:5      | Reached skill level 7 in Ranged Weapons
  3910 | D:5      | Found a runed translucent gate.
  3910 | D:5      | Found a runed translucent gate.
  3910 | D:5      | Found a runed translucent gate.
  3910 | D:5      | Noticed LeprechaunX's ghost (novice OpSh)
  3913 | D:5      | Found a basalt altar of Yredelemnul.
  4044 | D:5      | Found a runed translucent door.
  4045 | D:5      | Noticed Crazy Yiuf
  4315 | D:5      | Found a staircase to the Ecumenical Temple.
  4437 | D:6      | Reached ** piety under Hepliaklqana
  4438 | D:6      | Remembered your ancestor Ku-aya as a knight
  4477 | D:6      | Found a blossoming altar of Fedhas.
  4587 | D:6      | Reached skill level 8 in Ranged Weapons
  4587 | D:6      | Reached XP level 9. HP: 64/64 MP: 10/10
  5201 | D:7      | Noticed a troll
  5375 | D:7      | Reached skill level 5 in Fighting
  5375 | D:7      | Reached skill level 5 in Hexes
  5496 | D:7      | Killed a troll
  5497 | D:7      | Reached skill level 5 in Fire Magic
  5508 | D:7      | Reached skill level 5 in Dodging
  5540 | D:7      | Reached skill level 9 in Ranged Weapons
  5911 | D:7      | Noticed a kobold demonologist
  5918 | D:7      | Noticed a sun demon
  5923 | D:7      | Killed a kobold demonologist
  5924 | D:7      | Reached XP level 10. HP: 69/74 MP: 11/11
  5925 | D:7      | Noticed a boulder beetle
  5953 | D:7      | Killed a boulder beetle
  6171 | D:7      | Identified the +2 helmet of the Iron Devil {Rampage rF+
                  | Will- rCorr Dex+3}
  6288 | D:7      | Reached *** piety under Hepliaklqana
  6368 | D:8      | Identified the +0 helmet of Oniretuk {rPois Regen+ Dex-5
                  | Stlth+}
  6495 | D:8      | Found a transporter.
  6495 | D:8      | Found a transporter.
  6497 | D:8      | Noticed a moth of wrath
  6517 | D:8      | Found a burning altar of Makhleb.
  6535 | D:8      | Reached skill level 10 in Ranged Weapons
  6538 | D:8      | Noticed Gastronok
  6549 | D:8      | Killed Gastronok
  6579 | D:8      | Noticed backslashecho's ghost (novice DrSh)
  6580 | D:8      | Found a bloodstained altar of Trog.
  6626 | D:8      | Learned a level 4 spell: Cause Fear
  6673 | D:8      | Found Rurethir's Elemental Accessories.
  6981 | D:8      | Killed backslashecho's ghost
  6982 | D:8      | Reached XP level 11. HP: 44/82 MP: 12/12
  6996 | D:8      | Reached skill level 1 in Translocations
  7196 | D:9      | Noticed Maurice
  7215 | D:9      | Killed Maurice
  7299 | D:9      | Found a shadowy altar of Dithmenos.
  7363 | D:9      | Found Arrihiz's Antique Armour Emporium.
  7452 | D:9      | Found a white marble altar of Elyvilon.
  7688 | D:9      | Found a staircase to the Lair.
  7890 | D:9      | Reached skill level 11 in Ranged Weapons
  8034 | D:9      | Identified 2 scrolls of acquirement
  8034 | D:9      | Acquired the +2 arbalest of Eternity {heavy, *Slow rElec
                  | Int+4 Dex+2}
  8042 | D:9      | Acquired 814 gold pieces
  8073 | D:10     | Entered Level 10 of the Dungeon
  8244 | D:10     | Noticed a necromancer
  8249 | D:10     | Killed a necromancer
  8410 | D:10     | Found an iron altar of Okawaru.
  8617 | D:10     | Reached **** piety under Hepliaklqana
  8622 | D:10     | Noticed Urug
  8633 | D:10     | Killed Urug
  8880 | D:10     | Noticed Amaemon
  8898 | D:10     | Killed Amaemon
  8970 | D:10     | Noticed a two-headed ogre
  8979 | D:10     | Killed a two-headed ogre
  9049 | D:10     | Reached XP level 12. HP: 89/92 MP: 13/13
  9099 | D:10     | Found Kedigget's Armour Shop.
  9488 | D:11     | Found a runed translucent door.
  9488 | D:11     | Found a shimmering altar of Xom.
  9488 | D:11     | Noticed Omnos's ghost (journeyman DsSh)
  9862 | D:11     | Noticed a two-headed ogre
  9869 | D:11     | Killed a two-headed ogre
  9998 | D:11     | Noticed a boulder beetle
 10007 | D:11     | Killed a boulder beetle
 10197 | D:11     | Killed Omnos's ghost
 10253 | D:12     | Noticed a two-headed ogre
 10262 | D:12     | Killed a two-headed ogre
 10267 | D:12     | Learned a level 3 spell: Portal Projectile
 10283 | D:12     | Reached skill level 12 in Ranged Weapons
 10363 | D:12     | Noticed a seven-headed hydra
 10372 | D:12     | Killed a seven-headed hydra
 10385 | D:12     | Found the +1 robe of Vines {NoPotionHeal Regen++++}
 10395 | D:12     | Noticed Jorgrun
 10638 | D:12     | Found a gate leading to a gauntlet.
 10655 | D:12     | Noticed a two-headed ogre
 10658 | Gauntlet | Entered a Gauntlet
 10658 | Gauntlet | Found a transporter.
 10658 | Gauntlet | Found a transporter.
 10701 | Gauntlet | Found a transporter.
 10712 | Gauntlet | Found a transporter.
 10712 | Gauntlet | Found a transporter.
 10716 | Gauntlet | Found a transporter.
 10740 | Gauntlet | Found a transporter.
 10755 | Gauntlet | Found a transporter.
 10773 | Gauntlet | Found a transporter.
 10776 | Gauntlet | Found a transporter.
 10776 | Gauntlet | Noticed a tengu warrior
 10794 | Gauntlet | Found a transporter.
 10795 | Gauntlet | Found a transporter.
 10810 | Gauntlet | Reached ***** piety under Hepliaklqana
 11060 | Gauntlet | Reached skill level 5 in Translocations
 11264 | Gauntlet | Identified the +10 spear of the Lame Duck {venom, rCorr}
 11264 | Gauntlet | Noticed a minotaur
 11276 | Gauntlet | Killed a minotaur
 11401 | D:12     | Killed a two-headed ogre
 11517 | D:12     | Found a runed translucent gate.
 11517 | D:12     | Found a runed translucent gate.
 11519 | D:12     | Found a runed translucent gate.
 11519 | D:12     | Noticed HallandMoats's ghost (journeyman DsFi)
 11562 | D:12     | Killed from afar by Jorgrun

Illustrated notes

Levels and vault maps discovered:
D:1:      dpeg_arrival_connections, layout_basic
D:2:      layout_rooms, minivault_4, nicolae_half_adder
D:3:      layout_rooms, nicolae_hepliaklqana_hippocampus,
          nzn_overflow_gifts_of_might_and_magic
D:4:      layout_rooms, minmay_crossroads, uniq_blork_the_orc
D:5:      minmay_razor_zed, layout_basic, nicolae_yredelemnul_ghost_church,
          minmay_temple_entry_fiery, hellmonk_ghost_happy_afterlife,
          minmay_fire_ice_demons, uniq_crazy_yiuf_cottage, uniq_sigmund
D:6:      layout_basic, fedhas_bush_and_centaur_altar
D:7:      layout_basic, serial_glass, glass_columns_c, glass_columns_a,
          minmay_the_grid_2x2 [minmay_the_grid_gridbox, minmay_the_grid_empty,
          minmay_the_grid_tree, minmay_the_grid_prize_trominoes]
D:8:      layout_rooms, kennysheep_mini_moat, gammafunk_ghost_wrathful_warriors,
          serial_bayou_pond_b, nicolae_elemental_shop, hex_large,
          kennysheep_generic_room_8, uniq_gastronok
D:9:      layout_basic, elyvilon_altar_1, nicolae_dithmenos_shadow_blocks,
          serial_shops, shop, minmay_stone_trees_medium, uniq_maurice
D:10:     layout_basic, hellmonk_okawaru_the_only_friend_you_need, serial_shops,
          shop, eino_house_with_fridge, uniq_urug, uniq_amaemon
D:11:     layout_basic, ebering_ghost_xom
D:12:     layout_long_grid, david_orc_5, gauntlet_entry_generic,
          gammafunk_ghost_nasty_kobolds, hellmonk_guarded_unrand_vines,
          uniq_jorgrun

Skill      XL: |  1  2  3  4  5  6  7  8  9 10 11 12 |
---------------+-------------------------------------+-----
Ranged Weapons | 2 3 4 5 6 8 9 10 11 12 | 12.5
Dodging        | 2 3 4 5 6 7 8 |  8.2
Hexes          | 3 4 5 6 7 8 |  8.2
Fighting       | 2 3 4 6 7 8 9 |  9.6
Fire Magic     | 2 3 5 7 8 9 |  9.6
Translocations | 3 5 |  5.3
Spellcasting   | |  1.0

Action                     |  1- 3 |  4- 6 |  7- 9 | 10-12 || total
---------------------------+-------+-------+-------+-------++-------
   Fire: Sling             |   161 |    35 |       |       ||   196
         Longbow           |       |   202 |   309 |   544 ||  1055
   Cast: Slow              |       |     1 |       |       ||     1
         Blink             |       |       |       |     3 ||     3
         Inner Flame       |       |       |       |     7 ||     7
         Cause Fear        |       |       |       |     5 ||     5
 Invoke: Ancestor Life: Kn |       |       |     1 |       ||     1
         Recall Ancestor   |       |       |     2 |     1 ||     3
Ability: Begin Untransform |       |       |     1 |       ||     1
         Breathe Fire      |       |       |     2 |    14 ||    16
  Evoke: Wand              |       |       |       |     1 ||     1
         Phantom mirror    |       |       |       |     1 ||     1
    Use: Potion            |       |     5 |     1 |     7 ||    13
         Scroll            |       |     8 |     2 |    12 ||    22
 Armour: Skin              |    43 |    67 |    31 |   102 ||   243
  Dodge: Dodged            |   103 |    85 |   172 |   279 ||   639
   Form: Beast             |       |       |     2 |       ||     2
                           |       |       |     2 |       ||     2
         Maw               |       |       |     1 |       ||     1

Table legend: (Time is in decaauts)
 A = Elapsed time spent in this place.
 B = Non-inter-level travel time spent in this place.
 C = Inter-level travel time spent in this place.
 D = Time resting spent in this place.
 E = Time spent auto-exploring this place.
 F = Levels seen in this place.
 G = Mean time per level.
                   A        B        C        D        E       F      G
               +--------+--------+--------+--------+--------+-----+--------+
         Total |  11895 |  11488 |    407 |   1084 |   7622 |  13 |  915.0 |
       Dungeon |  11132 |  10725 |    407 |    859 |   7454 |  12 |  927.7 |
      Gauntlet |    762 |    762 |      0 |    225 |    168 |   1 |  762.0 |
               +--------+--------+--------+--------+--------+-----+--------+

Top non-repeatable levels by time:
     D:5: 1653 daAuts
    D:10: 1195 daAuts
    D:11: 1158 daAuts
     D:6: 1083 daAuts
     D:7: 954 daAuts
     D:9: 900 daAuts
     D:8: 854 daAuts
     D:2: 804 daAuts
     D:3: 781 daAuts
Gauntlet: 762 daAuts
     D:4: 752 daAuts
     D:1: 560 daAuts
    D:12: 434 daAuts
